 Dungeon Crawl Stone Soup version 0.24-a0-809-g71cb82dfb8 (webtiles) character file.

Game seed: 13326874575211227616, levelgen mode: deterministic

10757 MisterOstroum the Covert (level 11, -7/75 HPs)
             Began as an Octopode Enchanter on Oct 11, 2019.
             Was a Believer of Dithmenos.
             Mangled by an unseen horror (11 damage)
             ... on level 10 of the Dungeon.
             The game lasted 00:31:38 (10682 turns).

MisterOstroum the Covert (Octopode Enchanter)      Turns: 10682, Time: 00:31:39

Health: -7/75      AC:  1    Str:  7    XL:     11   Next: 67%
Magic:  21/22      EV: 16    Int: 21    God:    Dithmenos [**....]
Gold:   536        SH:  4    Dex: 13    Spells: 7/22 levels left

rFire    . . .     SeeInvis .   a - +0 dagger (protect)
rCold    . . .     Gourm    .   (no shield)
rNeg     . . .     Faith    .   (helmet restricted)
rPois    +         Spirit   .   g - amulet of regeneration
rElec    +         Reflect  .   p - ring of resist corrosion
rCorr    +         Harm     .   t - ring of poison resistance
MR       .....                  w - ring of stealth
Stlth    +++++++++.             (no ring)
HPRegen  0.62/turn              (no ring)
MPRegen  0.18/turn              (no ring)
                                (no ring)
                                (no ring)

@: wreathed by umbra
A: almost no armour, stealthy swim, amphibious, 8 rings, constrict 8, large bone
plates 1, camouflage 1, high mp 1, electricity resistance, wild magic 1,
gelatinous body 1
a: Shadow Step, Renounce Religion


You were on level 10 of the Dungeon.
You worshipped Dithmenos.
Dithmenos was pleased with you.
You were not hungry.

You visited 2 branches of the dungeon, and saw 11 of its levels.
You also visited: Ossuary.

You collected 630 gold pieces.
You spent 94 gold pieces at shops.

Inventory:

Hand Weapons
 a - a +0 dagger of protection (weapon)
 b - a +1 dagger of venom
 d - a +2 short sword of speed
 K - a +0 hunting sling
 N - a +4 scimitar of flaming
Missiles
 m - 276 stones (quivered)
 n - 2 throwing nets {!f}
 s - 33 poisoned darts
 G - 7 curare-tipped darts
 J - 72 arrows
 L - 69 sling bullets
Jewellery
 g - an amulet of regeneration (around mantle)
 p - a ring of resist corrosion (left tentacle)
 t - a ring of poison resistance (right tentacle)
 w - a ring of stealth (on tentacle)
Wands
 f - a wand of iceblast (7)
 x - a wand of disintegration (13)
 E - a wand of scattershot (4)
 M - a wand of acid (6)
 O - a wand of digging (3)
Scrolls
 c - 4 scrolls of fog {!r}
 i - 2 scrolls of enchant armour
 k - 5 scrolls of enchant weapon
 q - 10 scrolls of teleportation {@r3 !r}
 v - 2 scrolls of magic mapping
 y - a scroll of blinking {unknown}
 B - a scroll of summoning {unknown}
 C - 2 scrolls of remove curse {@r2}
 D - 3 scrolls of fear {unknown}
 H - 3 scrolls of vulnerability {unknown}
Potions
 h - 4 potions of agility {@q5 !q}
 l - 4 potions of berserk rage
 o - 2 potions of flight
 u - 3 potions of lignification
 z - 3 potions of brilliance
 A - a potion of heal wounds {@q2 !q}
 F - 3 potions of curing
 I - 2 potions of magic
Comestibles
 e - 7 rations


   Skills:
 - Level 7.0 Fighting
 - Level 6.2 Short Blades
 - Level 6.1 Dodging
 * Level 10.5 Stealth
 - Level 6.0 Spellcasting
 - Level 8.1 Hexes
 * Level 3.0 Summonings
 + Level 4.5 Ice Magic
 * Level 0.3 Invocations
 - Level 6.0 Evocations


You had 7 spell levels left.
You knew the following spells:

 Your Spells              Type           Power        Failure   Level  Hunger
a - Corona                Hex            ######.      1%          1    None
b - Ensorcelled Hibernat  Hex/Ice        #####.       2%          2    None
c - Confuse               Hex            ######..     2%          3    ##.....
d - Confusing Touch       Hex            ######       1%          1    None
e - Freeze                Ice            ####         3%          1    None
f - Tukima's Dance        Hex            ######..     2%          3    ##.....
g - Summon Ice Beast      Ice/Summ       ####....     28%         4    ####...

Your spell library contained the following spells:

 Spells                   Type           Power        Failure   Level  Hunger
 Summon Small Mammal      Summ           ###.         4%          1    None
 Dazzling Spray           Conj/Hex       ####..       9%          3    ##.....
 Throw Frost              Conj/Ice       ###...       10%         2    None
 Animate Skeleton         Necr           N/A          14%         1    None
 Apportation              Tloc           #.....       14%         1    None
 Flame Tongue             Conj/Fire      #....        14%         1    None
 Shock                    Conj/Air       #...         14%         1    None
 Ozocubu's Armour         Chrm/Ice       ###.....     17%         3    ##.....
 Swiftness                Chrm/Air       #.......     21%         2    None
 Static Discharge         Conj/Air       #.......     36%         3    ##.....
 Throw Icicle             Conj/Ice       ###.....     45%         4    ####...
 Airstrike                Air            #.........   75%         4    ####...
 Lightning Bolt           Conj/Air       #.........   97%         5    #####..
 Bolt of Cold             Conj/Ice       ###.......   100%        6    #######
 Ignition                 Fire           #.........   100%        8    #######


Dungeon Overview and Level Annotations

Branches:
Dungeon (10/15)            Temple (1/1) D:7             Orc (0/2) D:9
Ossuary (visited)
   Lair: D:8-11

Altars:
Ashenzari
Cheibriados
Dithmenos
Elyvilon
Fedhas
Gozag
Hepliaklqana
Kikubaaqudgha
Makhleb
Nemelex Xobeh
Okawaru
Qazlal
Ru
Sif Muna
Trog
Uskayaw
Vehumet
Wu Jian
Xom
Yredelemnul
Zin
The Shining One

Shops:
D:5 *

Annotations:
D:3 exclusion: oklob plant
D:9 3 runed translucent doors, exclusion: 3 doors


Innate Abilities, Weirdness & Mutations

You cannot wear most types of armour.
You are very stealthy in the water. (Stealth+)
You are amphibious.
You can wear up to eight rings at the same time.
You can use your tentacles to constrict eight enemies at once.
Your skin changes colour to match your surroundings (Stealth+).
Your rubbery body absorbs attacks. (AC +1, EV +1)
You are partially covered in large bone plates. (SH +4)
You have an increased reservoir of magic. (+10% MP)
You are resistant to electric shocks. (rElec)
Your spells are a little harder to cast, but a little more powerful.


Message History

a +0 scimitar; a +3 plate armour The orc shouts!
You closely miss the orc. You grab the orc. You squeeze the orc.
The orc is heavily wounded.
You constrict the orc. You block the orc's attack.
You hit the orc.
The orc is severely wounded.
You constrict the orc. The orc hits you.
You hit the orc but do no damage.
The orc is almost dead.
You constrict the orc.
You kill the orc!
Dithmenos accepts your kill.
No target in view!
There is an escape hatch in the floor here.
There is a strange disturbance nearby!
There is a strange disturbance nearby!
There is a strange disturbance nearby!
There is a strange disturbance nearby!
No reachable target in view!
Something hits you. Something closely misses you. Something hits you!
Casting: Ensorcelled Hibernation (safe; 2% risk of failure)
Confirm with . or Enter, or press ? or * to list all spells.
Okay, then.
Casting: Ensorcelled Hibernation (safe; 2% risk of failure)
Confirm with . or Enter, or press ? or * to list all spells.
Your tentacles begin to glow red.
You block something's attack. Something barely misses you. Something hits you!
No reachable target in view!
You block something's attack.
You barely miss something. Something hits you but does no damage.
You hit something but do no damage. Something hits you.
You swing at nothing.
You swing at nothing.
You barely miss something. Something hits you!
You swing at nothing.
You swing at nothing.
Something hits you!
You swing at nothing.
You swing at nothing.
You closely miss something. Something hits you!
You swing at nothing.
Something hits you.
You closely miss something. Your squeeze misses something.
Something barely misses you. Something hits you.
You hit something but do no damage.
Your weapon exudes an aura of protection.
Something hits you!
* * * LOW HITPOINT WARNING * * *
You swing at nothing.
Something hits you.
* * * LOW HITPOINT WARNING * * *
You closely miss something. Something hits you but does no damage.
You swing at nothing.
Something barely misses you.
You miss something. Your squeeze misses something.
Something closely misses you. Something barely misses you.
You hit something but do no damage.
Your weapon exudes an aura of protection.
Something hits you but does no damage.
Unknown command.
Unknown command.
Wield which item (- for none, * to show all)? (? for menu, Esc to quit)
Okay, then.
Unknown command.
Unknown command.
Unknown command.
Unknown command.
Casting: Confusing Touch (safe; 1% risk of failure)
Confirm with . or Enter, or press ? or * to list all spells.
You can't see any susceptible monsters within range! (Use Z to cast anyway.) Unknown command.
Casting: Confusing Touch (safe; 1% risk of failure)
Confirm with . or Enter, or press ? or * to list all spells.
Aiming: Ensorcelled Hibernation (safe; 2% risk of failure)
Press: ? - help, Shift-Dir - straight line Nothing appears to happen.
You are starving!
You completely miss something. You squeeze something.
Something hits you but does no damage. Something hits you.
* * * LOW HITPOINT WARNING * * *
Something hits you.
* * * LOW HITPOINT WARNING * * *
Okay, then.
Unknown command.
You closely miss something. Your squeeze misses something.
Something barely misses you.
Unknown command.
You eat one of the 8 rations.
That ration really hit the spot!
Something hits you!
* * * LOW HITPOINT WARNING * * *
Something barely misses you.
Really quaff
A - a potion of heal wounds {@q2 !q}?
Okay, then.
You feel better. Something hits you.
* * * LOW HITPOINT WARNING * * *
Something hits you.
* * * LOW HITPOINT WARNING * * *
You feel better. Something hits you!
* * * LOW HITPOINT WARNING * * *
Something hits you!
You die...

#.####..####(.
##..#.....# #.....### ..#
#..##...## #..##.## ..##
#..##..## #.. #..####..
#..## #...[...# #..
##..##.<#
#..####.........
..#####......#
#...#..###...##
).##.........#
###.....#####..#
#....#####...#
##...###....##..#
#.#..#)#T#...###@.###
#........#
..##.#/#a#.....{###
#........##
..##.#(#J#..)..##
##.#######.#
.....#>#R#.##..# ##..#
#...
##...#=#h#.##...#####..##
#...
###..#(#l#.#######..>.[#
##... # ##)#!#Y#.#
####..### ##....
###..#####.#
###).###....#
.#.........# ##..)!....#


There were no monsters in sight!

Vanquished Creatures
  A centaur warrior (D:8)
  Erica (D:8)
  A two-headed ogre (D:8)
  Pikel (D:8)
  A deep elf mage (D:8)
  Maurice (D:8)
  Psyche (D:8)
  A gargoyle (D:10)
  A hornet (D:9)
  Prince Ribbit (D:8)
  A hippogriff (D:7)
  4 yaks (D:8)
  6 humans (D:6)
  A vampire mosquito (D:8)
  A hungry ghost (D:7)
  2 water moccasins (D:5)
  8 orc warriors
  3 ice beasts
  A black bear (D:8)
  An eye of draining (D:10)
  2 sky beasts
  2 necrophages
  4 ogres
  2 centaurs
  A big kobold (D:10)
  5 bullfrogs
  Blork the orc (D:5)
  A water moccasin zombie (D:10)
  3 scorpions
  4 wights
  2 crimson imps
  2 jellies
  A quasit (D:8)
  2 bullfrog zombies (D:9)
  3 orc priests
  4 bullfrog skeletons
  3 hounds
  Jessica (D:2)
  3 centaur skeletons
  3 iguanas
  Natasha (thrice) (D:2)
  4 orc wizards
  3 worker ants
  7 big kobold zombies (Ossuary)
  A hound zombie (D:6)
  3 hound skeletons
  A mummy (Ossuary)
  A howler monkey zombie (D:8)
  2 worker ant zombies (D:10)
  A howler monkey skeleton (D:8)
  7 adders
  5 gnolls
  4 shadow imps
  2 adder skeletons
  An adder zombie (D:9)
  6 worms
  2 dart slugs
  7 leopard geckos
  35 orcs
  2 spectral bats (Ossuary)
  5 giant cockroaches
  7 hobgoblins
  13 jackals
  7 kobolds
  6 quokkas
  A ball python (D:5)
  7 bats
  4 bat simulacra (Ossuary)
  8 frilled lizards
  5 gnoll zombies (Ossuary)
  13 goblins
  A goblin simulacrum (Ossuary)
  4 goblin zombies (Ossuary)
  4 hobgoblin zombies (Ossuary)
  A jackal zombie (D:7)
  5 kobold zombies (Ossuary)
  2 leopard gecko skeletons
  4 orc zombies (Ossuary)
  A quokka skeleton (D:4)
  6 rats
  3 rat simulacra (Ossuary)
  7 spectral goblins (Ossuary)
  3 spectral kobolds (Ossuary)
  2 spectral rats (Ossuary)
303 creatures vanquished.

Vanquished Creatures (others)
  A dancing weapon (D:8)
1 creature vanquished.

Grand Total: 304 creatures vanquished

Notes
Turn   | Place    | Note
-------+----------+-------------------------------------------
     0 | D:1      | MisterOstroum the Octopode Enchanter began the quest for
                  | the Orb.
     0 | D:1      | Reached XP level 1. HP: 11/11 MP: 3/3
    91 | D:1      | Reached skill level 1 in Fighting
   225 | D:1      | Reached XP level 2. HP: 18/18 MP: 5/5
   256 | D:1      | Learned a level 2 spell: Ensorcelled Hibernation
   707 | D:1      | Reached XP level 3. HP: 17/24 MP: 6/6
   925 | D:1      | Reached skill level 1 in Ice Magic
  1512 | D:2      | Found a glowing golden altar of the Shining One.
  1591 | D:2      | Noticed Jessica
  1599 | D:2      | Killed Jessica
  1599 | D:2      | Reached skill level 5 in Stealth
  1599 | D:2      | Reached XP level 4. HP: 29/29 MP: 7/7
  1744 | D:2      | Found a basalt altar of Yredelemnul.
  1914 | D:2      | Found a hazy altar of Hepliaklqana.
  1959 | D:2      | Noticed Natasha
  1975 | D:2      | Killed Natasha
  1975 | D:2      | Reached XP level 5. HP: 13/34 MP: 2/8
  1990 | D:2      | Learned a level 3 spell: Confuse
  2235 | D:2      | Noticed Natasha
  2242 | D:2      | Killed Natasha
  2273 | D:2      | Noticed Natasha
  2458 | D:3      | Found a sparkling altar of Nemelex Xobeh.
  2597 | D:2      | Killed Natasha
  2971 | D:3      | Found a blossoming altar of Fedhas.
  3025 | D:3      | Noticed an oklob plant
  3070 | D:4      | Reached XP level 6. HP: 36/41 MP: 9/9
  3462 | D:4      | Found an ornate altar of the Wu Jian Council.
  3622 | D:4      | Reached XP level 7. HP: 46/46 MP: 10/10
  3749 | D:4      | Found a bloodstained altar of Trog.
  3750 | D:4      | Found a radiant altar of Vehumet.
  3911 | D:4      | Learned a level 1 spell: Confusing Touch
  3938 | D:5      | Entered Level 5 of the Dungeon
  4042 | D:5      | Reached skill level 6 in Stealth
  4122 | D:5      | Found a sand-covered staircase.
  4130 | Ossuary  | Entered an ossuary
  4487 | Ossuary  | Reached skill level 5 in Hexes
  4934 | D:5      | Reached XP level 8. HP: 51/54 MP: 11/11
  4953 | D:5      | Noticed Blork the orc
  4973 | D:5      | Killed Blork the orc
  4975 | D:5      | Found Luycy's Serpentskin Sales.
  4982 | D:5      | Reached skill level 5 in Fighting
  5039 | D:5      | Bought a +0 dagger of venom for 48 gold pieces
  5039 | D:5      | Bought 7 curare-tipped darts for 46 gold pieces
  5107 | D:5      | Identified the Papyrus of Flames and Cold
  5973 | D:6      | Reached XP level 9. HP: 61/61 MP: 9/14
  6461 | D:6      | Reached skill level 1 in Evocations
  6928 | D:7      | Found a staircase to the Ecumenical Temple.
  6934 | D:7      | Reached skill level 5 in Dodging
  6940 | Temple   | Entered the Ecumenical Temple
  7005 | Temple   | Became a worshipper of Dithmenos the Shadowed
  7431 | D:7      | Reached XP level 10. HP: 56/66 MP: 10/16
  7679 | D:7      | Found a basalt altar of Yredelemnul.
  7722 | D:8      | Noticed a two-headed ogre
  7737 | D:8      | Reached skill level 5 in Short Blades
  7744 | D:8      | Killed a two-headed ogre
  7744 | D:8      | Reached skill level 5 in Spellcasting
  7747 | D:8      | Learned a level 1 spell: Freeze
  7757 | D:8      | Learned a level 3 spell: Tukima's Dance
  7786 | D:8      | Noticed Maurice
  8039 | D:8      | Reached * piety under Dithmenos
  8133 | D:8      | Noticed Pikel
  8140 | D:8      | Killed Pikel
  8140 | D:8      | Reached skill level 7 in Stealth
  8157 | D:8      | Noticed Prince Ribbit
  8168 | D:8      | Killed Prince Ribbit
  8344 | D:8      | Noticed Erica
  8356 | D:8      | Killed Erica
  8356 | D:8      | Reached skill level 8 in Stealth
  8511 | D:8      | Noticed Psyche
  8520 | D:8      | Killed Psyche
  8525 | D:8      | Reached XP level 11. HP: 67/72 MP: 8/19
  8731 | D:8      | Killed Maurice
  8731 | D:8      | Reached skill level 9 in Stealth
  8836 | D:8      | Noticed a centaur warrior
  8848 | D:8      | Noticed a deep elf mage
  8850 | D:8      | Killed a centaur warrior
  8866 | D:8      | Killed a deep elf mage
  8949 | D:8      | Learned a level 4 spell: Summon Ice Beast
  9136 | D:9      | Found a staircase to the Orcish Mines.
  9306 | D:9      | Reached skill level 1 in Summonings
  9449 | D:9      | Gained mutation: You have an increased reservoir of magic.
                  | (+10% MP) [potion of mutation]
  9449 | D:9      | Gained mutation: Your spells are a little harder to cast,
                  | but a little more powerful. [potion of mutation]
  9449 | D:9      | Gained mutation: You are partially covered in large bone
                  | plates. (SH +4) [potion of mutation]
  9449 | D:9      | Gained mutation: You are resistant to electric shocks.
                  | (rElec) [potion of mutation]
  9588 | D:9      | Found a runed translucent gate.
  9588 | D:9      | Found a runed translucent gate.
  9588 | D:9      | Noticed a cyan ugly thing
  9589 | D:9      | Found a runed translucent gate.
  9589 | D:9      | Noticed a red very ugly thing
  9589 | D:9      | Noticed a brown ugly thing
  9597 | D:9      | Noticed a green ugly thing
  9598 | D:9      | Noticed a glowing orange brain
  9599 | D:9      | Noticed a green ugly thing
  9600 | D:9      | Noticed a purple ugly thing
  9866 | D:10     | Entered Level 10 of the Dungeon
  9908 | D:10     | Reached ** piety under Dithmenos
  9908 | D:10     | Reached skill level 10 in Stealth
  9986 | D:10     | Noticed a rakshasa
 10682 | D:10     | Mangled by an unseen horror

Levels and vault maps discovered:
D:1:      nicolae_arrival_washed_ashore, layout_rooms
D:2:      kennysheep_big_flooded_room, layout_basic, tso_oasis_becter,
          overflow_temple_1_default, first_ration, yredelemnul_altar_generic,
          uniq_jessica, uniq_natasha
D:3:      layout_rooms, tgw_fedhas, nicolae_overflow_crystal_walls
D:4:      layout_loops_ring, nicolae_overflow_hidden_temple,
          gammafunk_temple_overflow_statue
D:5:      layout_basic, enter_ossuary_5, kennysheep_diamond,
          guppyfry_shop_venom, uniq_blork_the_orc
D:6:      layout_basic, minmay_ruffians
D:7:      minmay_recursive_quarters, layout_rooms, lemuel_crystal_altar,
          minmay_temple_entry_glassed_door
D:8:      minmay_chambers_of_sixes, layout_gridville, uniq_psyche, uniq_pikel,
          uniq_erica, uniq_maurice, uniq_prince_ribbit1
D:9:      layout_roguey, orc_0_dummy,
          ploomutoo_gammafunk_ghost_potion_laboratory,
          hangedman_abyss_or_decor_stabs
D:10:     layout_layer_cave, grunt_tengu_nest, onia_ninara_dug_in_and_dangerous
Temple:   zaba_magenta_temple

Skill      XL: |  1  2  3  4  5  6  7  8  9 10 11 |
---------------+----------------------------------+-----
Fighting       | 1 2 3 4 5 7 |  7.0
Ice Magic      | 1 2 3 4 |  4.5
Stealth        | 5 6 8 10 | 10.5
Short Blades   | 2 4 5 6 |  6.2
Hexes          | 4 5 7 8 |  8.1
Dodging        | 4 5 6 |  6.1
Spellcasting   | 3 4 5 6 |  6.0
Evocations     | 4 6 |  6.0
Summonings     | 3 |  3.0
Invocations    | |  0.3

Action                   |  1- 3 |  4- 6 |  7- 9 | 10-12 || total
-------------------------+-------+-------+-------+-------++-------
Melee: Dagger            |    87 |   133 |   502 |   354 ||  1076
       Constrict         |    26 |    26 |    64 |    59 ||   175
       Tentacles         |    19 |    26 |    93 |    61 ||   199
 Fire: Hunting sling     |       |       |       |     6 ||     6
Throw: Stone             |     1 |     1 |     9 |     1 ||    12
       Dart              |       |       |       |    11 ||    11
 Cast: Ensorcelled Hiber |       |     4 |    14 |    17 ||    35
       Confuse           |       |     6 |    10 |    21 ||    37
       Confusing Touch   |       |       |     9 |     1 ||    10
       Tukima's Dance    |       |       |       |     2 ||     2
Evoke: Wand              |       |       |       |     2 ||     2
  Use: Scroll            |       |     6 |     8 |     6 ||    20
       Potion            |       |       |     1 |     3 ||     4
 Stab: Sleeping          |    12 |    15 |    38 |    36 ||   101
       Distracted        |     1 |       |     1 |     1 ||     3
       Confused          |       |     2 |    11 |     4 ||    17
  Eat: Chunk             |     2 |     8 |     8 |     9 ||    27
       Ration            |       |       |     3 |     1 ||     4
Armor: Skin              |    16 |    30 |    91 |     9 ||   146
Dodge: Dodged            |    43 |    83 |   239 |   217 ||   582
Block: Other             |       |       |       |    23 ||    23

Table legend:
 A = Non-vault XP
 B = Vault XP
 C = Vault XP percentage of total XP
 D = Non-vault monster count
 E = Vault monster count
 F = Vault count percentage of total count
                 A         B        C        D         E       F
            +---------+---------+-------+---------+---------+-------
      Total |    8734 |    6634 |  43.2 |     216 |      87 |  28.7
            +---------+---------+-------+---------+---------+-------
        D:1 |      53 |       0 |   0.0 |      30 |       0 |   0.0
        D:2 |     123 |      75 |  37.9 |      21 |       4 |  16.0
        D:3 |      33 |       0 |   0.0 |      11 |       0 |   0.0
        D:4 |     433 |       0 |   0.0 |      26 |       0 |   0.0
        D:5 |     303 |     420 |  58.1 |       8 |       7 |  46.7
        D:6 |    1046 |    1118 |  51.7 |      24 |       6 |  20.0
        D:7 |     885 |     103 |  10.4 |      12 |       7 |  36.8
        D:8 |    2633 |    4669 |  63.9 |      31 |      11 |  26.2
        D:9 |    1023 |       0 |   0.0 |      16 |       0 |   0.0
       D:10 |    2202 |       0 |   0.0 |      37 |       0 |   0.0
    Ossuary |       0 |     249 | 100.0 |       0 |      52 | 100.0
            +---------+---------+-------+---------+---------+-------
